 Dungeon Crawl Stone Soup version 0.23.2-1-ga50397a (webtiles) character file.

Game seed: 17949212807610407861

77 MaxwellSilver the Skirmisher (level 4, 0/44 HPs)
             Began as a Hill Orc Fighter on May 22, 2019.
             Slain by a kobold (1 damage)
             ... on level 3 of the Dungeon.
             The game lasted 00:03:06 (969 turns).

MaxwellSilver the Skirmisher (Hill Orc Fighter)      Turns: 969, Time: 00:03:06

Health: 0/44       AC:  6    Str: 24    XL:     4   Next: 33%
Magic:  4/4        EV:  7    Int: 13    God:
Gold:   66         SH:  9    Dex: 10    Spells: 3/3 levels left

rFire    . . .     SeeInvis .   a - +0 flail
rCold    . . .     Gourm    .   c - +0 shield
rNeg     . . .     Faith    .   b - +0 scale mail
rPois    .         Spirit   .   (no helmet)
rElec    .         Reflect  .   (no cloak)
rCorr    .         Harm     .   (no gloves)
MR       .....                  (no boots)
Stlth    ..........             (no amulet)
HPRegen  0.14/turn              (no ring)
MPRegen  0.09/turn              (no ring)

@: mighty, brilliant, lethally poisoned (0 -> -3)
A: no striking features
a: no special abilities


You were on level 3 of the Dungeon.
You were hungry.

You visited 1 branch of the dungeon, and saw 3 of its levels.

You collected 66 gold pieces.

Inventory:

Hand Weapons
 a - a +0 flail (weapon)
Armour
 b - a +0 scale mail (worn)
 c - a +0 shield (worn)
Jewellery
 k - a +2 ring of dexterity {unknown}
Scrolls
 h - a scroll of enchant weapon {unknown}
 i - a scroll of fog {unknown}
 j - a scroll of random uselessness {unknown}
 m - 3 scrolls of identify {unknown}
 n - 2 scrolls of remove curse {unknown}
Potions
 e - a potion of degeneration {unknown}
 l - a potion of brilliance
 o - a potion of flight {unknown}
Comestibles
 f - 2 rations


   Skills:
 + Level 6.1 Fighting
 - Level 2.1 Maces & Flails
 - Level 3.2 Armour
 - Level 3.2 Shields


You had 3 spell levels left.
You didn't know any spells.
Your spell library contained the following spells:

 Spells                   Type           Power        Failure   Level  Hunger
 Corona                   Hex            #......      32%         1    ##.....
 Ensorcelled Hibernation  Hex/Ice        #.....       43%         2    ###....
 Confuse                  Hex            #.......     63%         3    ####...
 Dazzling Spray           Conj/Hex       #.....       63%         3    ####...
 Tukima's Dance           Hex            #.......     63%         3    ####...


Dungeon Overview and Level Annotations

Branches:
Dungeon (3/15)

Altars:

Annotations:
D:2 Sigmund


Message History

You bludgeon the kobold!!
You kill the kobold!
You feel sick. The kobold hits you but does no damage.
You closely miss the hobgoblin. The kobold hits you but does no damage.
The hobgoblin hits you but does no damage.
You block the kobold's attack.
You hit the hobgoblin.
The hobgoblin is heavily wounded.
You feel sick.
The hobgoblin hits you but does no damage.
The kobold hits you.
* * * LOW HITPOINT WARNING * * *
The hobgoblin hits you.
* * * LOW HITPOINT WARNING * * *
You sock the hobgoblin!
You kill the hobgoblin!
* * * LOW HITPOINT WARNING * * *
You feel sick. The kobold closely misses you.
You barely miss the kobold. The kobold hits you.
You die...

..... ....
.... #..
#.. #.# #)#
#@# #K#
####.####S#
.....g..(g#
###...#####
#.. ... .b.
#.


You could see an adder, a goblin and a kobold.

Vanquished Creatures
  Terence (D:2)
  An ooze (D:1)
  2 worms (D:2)
  A dart slug (D:1)
  A leopard gecko (D:1)
  A ball python (D:1)
  3 giant cockroaches
  4 goblins
  9 hobgoblins
  A quokka (D:3)
  7 bats
  2 frilled lizards
  4 kobolds
  A rat (D:2)
38 creatures vanquished.

Notes
Turn   | Place    | Note
-------+----------+-------------------------------------------
     0 | D:1      | MaxwellSilver the Hill Orc Fighter began the quest for the
                  | Orb.
     0 | D:1      | Reached XP level 1. HP: 19/19 MP: 1/1
   159 | D:1      | Reached skill level 4 in Fighting
   162 | D:1      | Reached XP level 2. HP: 27/27 MP: 2/2
   419 | D:1      | Reached skill level 5 in Fighting
   419 | D:1      | Reached XP level 3. HP: 31/36 MP: 3/3
   896 | D:2      | Noticed Terence
   910 | D:2      | Killed Terence
   910 | D:2      | Reached skill level 6 in Fighting
   910 | D:2      | Reached XP level 4. HP: 11/44 MP: 4/4
   935 | D:2      | Noticed Sigmund
   967 | D:3      | HP: 2/44 [hobgoblin (2)]
   969 | D:3      | Slain by a kobold

Skill      XL: |  1  2  3 |
---------------+----------+-----
Fighting       | 4 5 6 |  6.1
Maces & Flails | |  2.1
Armour         | |  3.2
Shields        | |  3.2

Action                   |  1- 3 |  4- 6 || total
-------------------------+-------+-------++-------
Melee: Flail             |   122 |    16 ||   138
  Use: Potion            |       |     3 ||     3
Armor: Scale mail        |    53 |    11 ||    64
Dodge: Dodged            |    45 |    11 ||    56
Block: Shield            |    67 |    18 ||    85
